 Dungeon Crawl Stone Soup version 0.29-a0-559-g359e09b9d1 (webtiles) character file.

Game seed: 5028220066909056978

1285 Lekart the Slasher (level 8, -2/68 HPs)
             Began as a Green Draconian Abyssal Knight on June 10, 2022.
             Was a Priest of Lugonu.
             Slain by an orc
             ... wielding a +0 short sword
              (7 damage)
             ... on level 6 of the Dungeon.
             The game lasted 00:09:16 (6164 turns).

Lekart the Slasher (Green Draconian Abyssal Knight) Turns: 6164, Time: 00:09:17

Health: -2/68      AC:  8    Str: 16    XL:     8   Next: 29%
Magic:  12/12      EV: 13    Int: 10    God:    Lugonu [***...]
Gold:   322        SH:  0    Dex: 14    Spells: 7/7 levels left

rFire   . . .      SeeInvis .   a - +1 falchion (chaos)
rCold   . . .      Faith    .   (no shield)
rNeg    . . .      Spirit   .   (body armour unavailable)
rPois   +          Reflect  .   (helmet restricted)
rElec   .          Harm     .   q - +1 cloak
rCorr   .          Rampage  .   (no gloves)
Will    .....                   (no boots)
Stlth   +.........              (no amulet)
HPRegen 0.21/turn               (no ring)
MPRegen 0.13/turn               (no ring)

@: no status effects
A: breathe noxious fumes, AC +6, unfitting armour, poison resistance,
cold-blooded, horns 1
a: Breathe Noxious Fumes, Renounce Religion, Depart the Abyss, Bend Space,
Banish


You were on level 6 of the Dungeon.
You worshipped Lugonu.
Lugonu was most pleased with you.
You visited 1 branch of the dungeon, and saw 6 of its levels.
You visited the Abyss 1 time.

You collected 322 gold pieces.

Inventory:

Hand Weapons
 a - a +1 falchion of chaos (weapon)
Missiles
 k - a curare-tipped dart (quivered)
Armour
 g - a scarf of invisibility
 q - a +1 cloak (worn)
Jewellery
 b - a ring of protection from cold
 i - a ring of flight
Wands
 e - a wand of flame (32)
Scrolls
 c - a scroll of identify
 l - a scroll of teleportation
Potions
 n - 2 potions of brilliance
 p - 2 potions of heal wounds
 t - a potion of cancellation


   Skills:
 + Level 5.3 Fighting
 + Level 6.5 Long Blades
 + Level 0.7 Throwing
 + Level 4.5 Dodging
 * Level 5.7 Invocations
 + Level 0.7 Evocations


You had 7 spell levels left.
You didn't know any spells.
Your spell library contained the following spells:

 Spells                   Type           Power      Damage    Failure   Level
 Call Canine Familiar     Summ           0%         N/A       75%         3
 Portal Projectile        Hex/Tloc       0%         N/A       75%         3
 Leda's Liquefaction      Hex/Erth       0%         N/A       98%         4


Dungeon Overview and Level Annotations

Branches:
Dungeon (6/15)
 Temple: D:4-7

Altars:
Gozag

Annotations:
D:3 3 runed translucent doors, blade888's ghost, amateur DsIE
D:5 corrupted


Innate Abilities, Weirdness & Mutations

You can breathe blasts of noxious fumes.
Your lurid green scales are hard. (AC +6)
You cannot fit into any form of body armour.
Your system is resistant to poisons. (rPois)
You are cold-blooded and may be slowed by cold attacks.
You have a pair of small horns on your head.


Message History

* * * LOW HITPOINT WARNING * * *
Something hits you but does no damage.
Things that are here:
a +0 trident; a +0 leather armour You closely miss something.
Your headbutt misses something.
Your tail-slap misses something.
Something hits you.
* * * LOW HITPOINT WARNING * * *
Something hits you but does no damage.
You hit something. Lightning courses through something!
Lugonu accepts your kill.
Reactivating autopickup.
You feel a bit more experienced. Something hits you but does no damage.
Deactivating autopickup; reactivate with Ctrl-A.
Okay, then.
Something hits you but does no damage.
Items here: ))) [[ ††.
Something hits you but does no damage. Something hits you but does no damage.
Something hits you but does no damage.
You see here 5 gold pieces.
You see here a scroll of teleportation.
Something hits you but does no damage.
You closely miss something. Your headbutt misses something.
Your tail-slap misses something.
Something hits you.
* * * LOW HITPOINT WARNING * * *
You barely miss something.
An orc appears from thin air!
Reactivating autopickup.
The orc misses you.
You closely miss the orc. You headbutt the orc, but do no damage.
Your tail-slap misses the orc.
The orc is severely wounded.
The orc misses you.
You hit the orc.
The orc goes berserk!
Your headbutt misses the orc.
The orc is severely wounded.
The orc hits you with a +0 short sword.
* * * LOW HITPOINT WARNING * * *
You hit the orc. Your headbutt misses the orc.
Your tail-slap misses the orc.
The orc is almost dead.
The orc hits you with a +0 short sword!
You die...

#.##.# ##.....#.......
##.##.####...##.........
#.......................
.....##.####.######.......
#### #......# #...<... #
#..##### #.......
####.##..# #.......
.#.......#### #.......
...##.##..@.# ##......
#.## ####o### ##..... ...
#..?############# #.<
#..$.......#
..##..#####..........#
#.......).......†....#
..$....))............#
#####................#
#....##..........#


You could see an orc (berserk).

Vanquished Creatures
  An ice beast (D:5)
  An ogre (D:5)
  A phantom (D:5)
  3 scorpions
  A necrophage (D:5)
  2 killer bees (D:5)
  2 jellies (D:6)
  3 orc priests
  3 hounds
  Jessica (D:2)
  An iguana (D:4)
  4 orc wizards (D:6)
  8 adders
  9 orcs
  10 endoplasms
  8 hobgoblins
  9 jackals
  10 kobolds
  3 quokkas
  14 ball pythons
  5 bats
  6 frilled lizards
  5 goblins
  8 rats
118 creatures vanquished.

Vanquished Creatures (others)
  Duvessa (D:5)
  An ogre (D:5)
  Dowan (D:5)
  An iguana (D:5)
4 creatures vanquished.

Grand Total: 122 creatures vanquished

Notes
Turn   | Place    | Note
-------+----------+-------------------------------------------
     0 | Abyss:1  | Lekart the Draconian Abyssal Knight began the quest for the
                  | Orb.
     0 | Abyss:1  | Reached XP level 1. HP: 19/19 MP: 2/2
    80 | Abyss:2  | Noticed a tentacled starspawn
    81 | D:1      | Escaped the Abyss
   147 | D:1      | Reached XP level 2. HP: 15/26 MP: 3/3
   929 | D:1      | Reached XP level 3. HP: 32/33 MP: 4/4
  1342 | D:1      | Gained mutation: You passively map a small area around you.
                  | [potion of mutation]
  1342 | D:1      | Lost mutation: You passively map a small area around you.
                  | [potion of mutation]
  1342 | D:1      | Gained mutation: You have a pair of small horns on your
                  | head. [potion of mutation]
  1525 | D:2      | Reached *** piety under Lugonu
  1530 | D:2      | Identified the +6 mace "Saryrgh" {freeze, Int+2}
  1574 | D:2      | Noticed Jessica
  1581 | D:2      | Killed Jessica
  1582 | D:2      | Reached skill level 3 in Long Blades
  1582 | D:2      | Reached XP level 4. HP: 27/40 MP: 5/5
  1706 | D:2      | Found a faded altar of an unknown god.
  2423 | D:3      | Found a runed translucent gate.
  2423 | D:3      | Found a runed translucent gate.
  2423 | D:3      | Found a runed translucent gate.
  2427 | D:3      | Noticed blade888's ghost (amateur DsIE)
  3038 | D:3      | Reached XP level 5. HP: 16/46 MP: 7/7
  3774 | D:4      | Reached skill level 4 in Long Blades
  3774 | D:4      | Reached XP level 6. HP: 48/53 MP: 8/8
  4080 | D:5      | Entered Level 5 of the Dungeon
  4094 | D:5      | Reached **** piety under Lugonu
  4176 | D:5      | Found an opulent altar of Gozag.
  4450 | D:5      | Noticed a water moccasin
  4458 | D:5      | Banished a water moccasin
  4461 | D:5      | Your scales start taking on a lurid green colour.
  4461 | D:5      | Reached XP level 7. HP: 24/60 MP: 3/10
  4461 | D:5      | Gained mutation: Your system is resistant to poisons.
                  | (rPois) [Green Draconian growth]
  4463 | D:5      | Reached skill level 5 in Long Blades
  4922 | D:5      | Noticed Duvessa
  4923 | D:5      | Noticed Dowan
  4930 | D:5      | Corrupted D:5
  4930 | D:5      | Noticed a thrashing horror
  4930 | D:5      | Noticed a glowing orange brain
  4930 | D:5      | Noticed a +3 mace of protection
  4930 | D:5      | Noticed a large abomination
  4930 | D:5      | Noticed a red draconian scorcher
  4930 | D:5      | Noticed a hellwing
  4930 | D:5      | Noticed a yellow draconian annihilator
  4930 | D:5      | Noticed a starcursed mass
  4930 | D:5      | Noticed a starcursed mass
  4930 | D:5      | Noticed a neqoxec
  4930 | D:5      | Noticed a ynoxinul
  4930 | D:5      | Noticed an apocalypse crab
  4930 | D:5      | Noticed a large abomination
  4930 | D:5      | Noticed a guardian serpent
  4930 | D:5      | Noticed an efreet
  4930 | D:5      | Noticed a thrashing horror
  4930 | D:5      | Noticed a small abomination
  4930 | D:5      | Noticed a ynoxinul
  4930 | D:5      | Noticed a thrashing horror
  4930 | D:5      | Noticed a neqoxec
  4930 | D:5      | HP: 1/55 [Duvessa/puff of flame (9)]
  4931 | D:5      | Noticed a chaos spawn
  4931 | D:5      | Noticed a wraith
  4932 | D:5      | Killed Duvessa
  4932 | D:5      | Killed Dowan
  4942 | D:5      | Noticed a bone dragon
  4955 | D:5      | Noticed a sixfirhy
  4966 | D:5      | Noticed a large abomination
  5410 | D:5      | Reached skill level 5 in Fighting
  5524 | D:5      | Reached skill level 6 in Long Blades
  5537 | D:5      | Reached skill level 5 in Invocations
  5537 | D:5      | Reached XP level 8. HP: 12/68 MP: 6/11
  6164 | D:6      | Slain by an orc

Illustrated notes

Levels and vault maps discovered:
D:1:      minmay_arrival_hallway, layout_loops_ring, minmay_tripent
D:2:      layout_rooms, nicolae_ecumenical_snake_handling,
          minmay_small_reverse_x, uniq_jessica
D:3:      layout_loops_cross, ebering_ghost_rock_garden
D:4:      layout_rooms, ebering_dispersal_statue_hall
D:5:      layout_basic, nicolae_gozag_cash_rules_everything_around_me,
          hellmonk_bongcloud_opening, uniq_duvessa
D:6:      layout_rooms, gammafunk_ghost_smash

Skill      XL: |  1  2  3  4  5  6  7 |
---------------+----------------------+-----
Fighting       | 4 5 |  5.3
Long Blades    | 3 4 6 |  6.5
Dodging        | 3 4 |  4.5
Invocations    | 3 4 5 |  5.7
Throwing       | |  0.7
Evocations     | |  0.7

Action                   |  1- 3 |  4- 6 |  7- 9 || total
-------------------------+-------+-------+-------++-------
Melee: Falchion          |   110 |   182 |   101 ||   393
       Tailslap          |     5 |    17 |     9 ||    31
       Headbutt          |     3 |    25 |    16 ||    44
       Punch             |     1 |       |     2 ||     3
Throw: Dart              |       |    10 |     1 ||    11
Invok: Depart the Abyss  |     1 |       |       ||     1
       Bend Space        |       |     1 |     1 ||     2
       Banish            |       |     1 |     1 ||     2
       Corrupt           |       |       |     1 ||     1
 Abil: Evoke Invisibilit |     1 |       |       ||     1
       Breathe Noxious F |       |       |     5 ||     5
Evoke: Wand              |       |     2 |       ||     2
  Use: Potion            |     1 |     3 |     2 ||     6
       Scroll            |       |       |    11 ||    11
 Stab: Sleeping          |     3 |       |       ||     3
Armor: Skin              |    44 |    70 |    81 ||   195
Dodge: Dodged            |    84 |   166 |   110 ||   360

Table legend: (Time is in decaauts)
 A = Elapsed time spent in this place.
 B = Non-inter-level travel time spent in this place.
 C = Inter-level travel time spent in this place.
 D = Time resting spent in this place.
 E = Time spent auto-exploring this place.
 F = Levels seen in this place.
 G = Mean time per level.
                   A        B        C        D        E       F      G
               +--------+--------+--------+--------+--------+-----+--------+
         Total |   6217 |   6119 |     98 |    811 |   4338 |   8 |  777.1 |
       Dungeon |   6136 |   6038 |     98 |    811 |   4267 |   6 | 1022.7 |
         Abyss |     80 |     80 |      0 |      0 |     71 |   2 |   40.0 |
               +--------+--------+--------+--------+--------+-----+--------+

Top non-repeatable levels by time:
     D:5: 1550 daAuts
     D:1: 1296 daAuts
     D:3: 1056 daAuts
     D:4: 1036 daAuts
     D:2: 832 daAuts
     D:6: 364 daAuts
 Abyss:1: 50 daAuts
 Abyss:2: 30 daAuts
